 Dungeon Crawl Stone Soup version 0.20.2-3-g29329e0561 (webtiles) character file.

639 Alfie the Slasher (level 7, 0/61 HPs)
             Began as a Minotaur Fighter on Nov 25, 2020.
             Slain by a hound (2 damage)
             ... on level 5 of the Dungeon.
             The game lasted 00:12:09 (3253 turns).

Alfie the Slasher (Minotaur Fighter)                Turns: 3253, Time: 00:12:09

Health: 0/61       AC:  8    Str: 22    XL:     7   Next: 25%
Magic:  6/6        EV:  9    Int:  5    God:
Gold:   259        SH: 10    Dex: 10    Spells: 6/6 levels left

rFire    . . .     SeeInvis .   a - +1 long sword
rCold    . . .     Gourm    .   c - +0 shield
rNeg     . . .     Faith    .   b - +0 scale mail
rPois    .         Spirit   .   (helmet restricted)
rElec    .         Reflect  .   (no cloak)
rCorr    .         Harm     .   o - +0 pair of gloves
MR       .....                  (no boots)
Stlth    +.........             (no amulet)
Regen    0.2/turn               x - ring of stealth
MPRegen  0.1/turn               (no ring)

@: lethally poisoned (0 -> -7)
A: retaliatory headbutt, horns 2
a: no special abilities


You were on level 5 of the Dungeon.
You were not hungry.

You visited 1 branch of the dungeon, and saw 5 of its levels.

You collected 259 gold pieces.

Inventory:

Hand Weapons
 a - a +1 long sword (weapon)
Armour
 b - a +0 scale mail (worn)
 c - a +0 shield (worn)
 o - a +0 pair of gloves (worn)
Jewellery
 x - a ring of stealth (left hand)
Wands
 p - a wand of random effects (32/48)
Scrolls
 h - a scroll of random uselessness {unknown}
 j - 5 scrolls of teleportation
 k - 3 scrolls of remove curse
 l - a scroll of recharging
 n - 3 scrolls of identify
Potions
 d - 2 potions of might
 e - a potion of brilliance
 g - a potion of lignification
 i - 2 potions of agility
 s - 4 potions of curing
 w - a potion of degeneration {unknown}
Comestibles
 f - 3 bread rations
 m - 3 meat rations
 z - a royal jelly


   Skills:
 + Level 5.0 Fighting
 + Level 5.9 Long Blades
 + Level 5.6 Armour
 + Level 2.4 Dodging
 + Level 0.5 Stealth
 + Level 5.5 Shields


You had 6 spell levels left.
You didn't know any spells.

Dungeon Overview and Level Annotations

Branches:
Dungeon (5/15)             Temple (0/1) D:4

Altars:
Ashenzari
Elyvilon
Gozag
Hepliaklqana
Nemelex Xobeh
Okawaru
Vehumet

Shops:
D:3 *   D:4 *


Innate Abilities, Weirdness & Mutations

You reflexively headbutt those who attack you in melee.
You have a pair of horns on your head.


Message History

* * * LOW HITPOINT WARNING * * *
You feel sick. The worker ant barely misses you.
You riposte.
You closely miss the worker ant. You headbutt the worker ant.
The worker ant is almost dead.
You closely miss the worker ant.
The worker ant is almost dead.
* * * LOW HITPOINT WARNING * * *
You feel sick. The worker ant barely misses you.
You slash the worker ant!
You kill the worker ant!
* * * LOW HITPOINT WARNING * * *
You feel sick.
A hound comes into view.
* * * LOW HITPOINT WARNING * * *
You feel sick.
The hound barks!
You see here a worker ant corpse.
* * * LOW HITPOINT WARNING * * *
You feel sick. The hound bites you.
You die...

......##.##.#........#.#.####.###
##.......##.#........#.#.##.....#
#.########.#......[.#.#.##......
#.# #.#.....†..#..........# ##.##
#.#######)##.......#..# #...#
#.......)....#####..... #...#
#######...####### #...## #...#
#.......(h.# #...## #...#
#.#####..@.# #..... #...####.#
#..†># .. ##.##. .....(...#
###....##.... #.##.
.........###.###........ #....
..†......##......###.... ####.
#...#.######.##### ... #. #...#.#
#.# ## #. #...#.# #.# #########.
#...#.# #.# #.........


You could see a hound.

Vanquished Creatures
  Prince Ribbit (D:5)
  2 scorpions (D:4)
  A jelly (D:5)
  An orc wizard (D:5)
  Jessica (D:2)
  3 worker ants
  A hound skeleton (D:4)
  8 adders
  An adder skeleton (D:5)
  2 worms (D:5)
  3 dart slugs
  A leopard gecko (D:5)
  10 orcs
  4 giant cockroaches
  15 goblins
  4 hobgoblins
  7 jackals
  4 kobolds
  2 quokkas
  3 ball pythons
  6 bats
  7 frilled lizards
  4 rats (D:3)
91 creatures vanquished.

Notes
Turn   | Place    | Note
-------+----------+-------------------------------------------
     0 | D:1      | Alfie the Minotaur Fighter began the quest for the Orb.
     0 | D:1      | Reached XP level 1. HP: 19/19 MP: 0/0
    51 | D:1      | Reached XP level 2. HP: 27/27 MP: 1/1
   595 | D:1      | Reached XP level 3. HP: 33/33 MP: 2/2
   969 | D:2      | Found an iron altar of Okawaru.
   988 | D:2      | Noticed Jessica
  1004 | D:2      | Killed Jessica
  1004 | D:2      | Reached XP level 4. HP: 31/40 MP: 3/3
  1105 | D:2      | Reached skill level 1 in Dodging
  1521 | D:3      | Found a white marble altar of Elyvilon.
  1524 | D:3      | Found a radiant altar of Vehumet.
  1526 | D:3      | Found a sparkling altar of Nemelex Xobeh.
  1876 | D:3      | Found an opulent altar of Gozag.
  1878 | D:3      | Found Gozag's Platinum Reserve.
  2047 | D:4      | Found a staircase to the Ecumenical Temple.
  2066 | D:4      | Reached XP level 5. HP: 38/46 MP: 4/4
  2239 | D:4      | Found Oresaut's Elemental Accessories.
  2295 | D:4      | Reached skill level 5 in Long Blades
  2324 | D:4      | Reached XP level 6. HP: 28/53 MP: 5/5
  2769 | D:5      | Entered Level 5 of the Dungeon
  2787 | D:5      | Noticed Prince Ribbit
  2832 | D:5      | Reached skill level 5 in Armour
  2837 | D:5      | Found a shattered altar of Ashenzari.
  3058 | D:5      | Killed Prince Ribbit
  3058 | D:5      | Reached skill level 5 in Shields
  3058 | D:5      | Reached XP level 7. HP: 23/60 MP: 6/6
  3123 | D:5      | Reached skill level 5 in Fighting
  3130 | D:5      | HP: 1/61 [orc wizard/puff of flame (6)]
  3140 | D:5      | HP: 2/61 [ball python (1)]
  3162 | D:5      | Found a hazy altar of Hepliaklqana.
  3252 | D:5      | HP: 3/61 [poisoned by a worker ant]
  3253 | D:5      | Slain by a hound

Skill      XL: |  1  2  3  4  5  6  7 |
---------------+----------------------+-----
Fighting       | 4 5 |  5.0
Armour         | 4 5 |  5.6
Long Blades    | 3 4 5 |  5.9
Shields        | 4 5 |  5.5
Dodging        | 1 2 |  2.4
Stealth        | |  0.5

Action                   |  1- 3 |  4- 6 |  7- 9 || total
-------------------------+-------+-------+-------++-------
Melee: Long sword        |    79 |   135 |    35 ||   249
       Headbutt          |     6 |    20 |     6 ||    32
  Use: Potion            |       |     7 |       ||     7
       Scroll            |       |     6 |       ||     6
  Eat: Bread ration      |       |     2 |       ||     2
Armor: Scale mail        |    42 |    43 |     9 ||    94
Dodge: Dodged            |    24 |    41 |     9 ||    74
Block: Shield            |    34 |    77 |    14 ||   125
       Rpst.: Long sword |     4 |    10 |     2 ||    16
